 Dungeon Crawl Stone Soup version 0.21-a0-278-ga722497 (webtiles) character file.

10289 motkurip the Fighter (level 11, -8/71 HPs)
             Began as a Gargoyle Gladiator on Sept 21, 2017.
             Was a Priest of Cheibriados.
             Killed from afar by a gargoyle (18 damage)
             ... with a stone arrow
             ... in a labyrinth.
             The game lasted 00:35:49 (5666 turns).

motkurip the Fighter (Gargoyle Gladiator)           Turns: 5666, Time: 00:35:50

Health: -8/71      AC: 20    Str: 29    XL:     11   Next: 59%
Magic:  16/16      EV: 16    Int: 18    God:    Cheibriados [***...]
Gold:   406        SH:  0    Dex: 22    Spells: 10/10 levels left

rFire    . . .     SeeInvis .   Z - +4 war axe
rCold    . . .     Gourm    .   (no shield)
rNeg     + . .     Faith    .   s - +0 ring mail
rPois    ∞         Spirit   .   c - +0 helmet
rElec    +         Reflect  .   I - +0 cloak
rCorr    .         Harm     .   F - +0 pair of gloves
MR       .....                  v - +0 pair of boots
Stlth    +.........             (no amulet)
HPRegen  0.21/turn              V - +2 ring of slaying
MPRegen  0.15/turn              z - +4 ring of strength

@: very slow
A: negative energy resistance 1, electricity resistance, unbreathing,
petrification resistance, rot immunity, AC +7
a: Bend Time, Temporal Distortion, Renounce Religion


You were in a labyrinth.
You worshipped Cheibriados.
Cheibriados was most pleased with you.
You were hungry.

You visited 3 branches of the dungeon, and saw 12 of its levels.
You also visited: Labyrinth.

You collected 406 gold pieces.

Inventory:

Hand Weapons
 a - the +7 lajatang of Order {silver, rMut}
   (You took it off an orc on level 9 of the Dungeon)

   It protects you from mutation.
 u - a +1 dagger of venom
 T - a -2 morningstar
 Y - a +0 battleaxe
 Z - a +4 war axe (weapon)
Missiles
 d - 3 throwing nets (quivered)
 y - 17 javelins
Armour
 b - a +0 leather armour
 c - a +0 helmet (worn)
 s - a +0 ring mail (worn)
 v - a +0 pair of boots (worn)
 w - a scarf of resistance
 F - a +0 pair of gloves (worn)
 I - a +0 cloak (worn)
Jewellery
 g - an uncursed ring of protection from magic
 n - an uncursed ring of protection from cold
 z - a +4 ring of strength (right hand)
 G - the ring "Woenton" {Int+3 SInv}
   (You found it on level 6 of the Dungeon)

   [ring of see invisible]

   It affects your intelligence (+3).
   It lets you see invisible.
 K - an uncursed ring of ice
 V - a +2 ring of slaying (left hand)
 X - an uncursed ring of wizardry
Wands
 e - a wand of polymorph (12/24)
 B - a wand of flame (14/48)
 D - a wand of paralysis (11/24)
Scrolls
 m - 2 scrolls of teleportation
 p - a scroll of immolation
 r - a scroll of fear
 U - a scroll of amnesia {unknown}
Potions
 i - 3 potions of curing
 j - 2 potions of might
 l - 2 potions of berserk rage
 q - 3 potions of brilliance
 t - 2 potions of mutation {unknown}
 O - 2 potions of lignification {unknown}
 P - a potion of agility {unknown}
 Q - 3 potions of magic {unknown}
Books
 S - a book of Maledictions

   Spells                             Type                      Level
   a - Corona                         Hexes                        1
   b - Ensorcelled Hibernation        Hexes/Ice                    2
   c - Confuse                        Hexes                        3
   d - Tukima's Dance                 Hexes                        3
   e - Dazzling Spray                 Conjuration/Hexes            3
 W - a book of Summonings

   Spells                             Type                      Level
   a - Recall                         Summoning/Translocation      3
   b - Aura of Abjuration             Summoning                    5
   c - Summon Demon                   Summoning                    5
   d - Summon Forest                  Summoning/Translocation      5
   e - Summon Mana Viper              Hexes/Summoning              5
   f - Shadow Creatures               Summoning                    6
Comestibles
 f - 7 bread rations
 A - 2 meat rations
 H - 5 royal jellies
 J - a fruit


   Skills:
 + Level 9.6 Fighting
 + Level 8.8 Axes
 - Level 2.0 Throwing
 + Level 9.4 Armour
 + Level 6.1 Dodging
 + Level 7.5 Invocations


You had 10 spell levels left.
You didn't know any spells.

Dungeon Overview and Level Annotations

Branches:
Dungeon (9/15)             Temple (1/1) D:5            Lair (2/6) D:9
 Shoals (0/4) Lair:2
  Snake: Lair:2-4    Spider: Lair:2-4       Orc: D:9-12

Altars:
Ashenzari
Cheibriados
Dithmenos
Elyvilon
Fedhas
Gozag
Hepliaklqana
Kikubaaqudgha
Okawaru
Ru
Sif Muna
Trog
Uskayaw
Vehumet
Wu Jian
Yredelemnul
Zin
The Shining One

Annotations:
D:9 motkurip's ghost, novice GrGl


Innate Abilities, Weirdness & Mutations

You are resistant to torment.
Your stone body is resilient. (AC +7)
You are immune to poison.
You resist negative energy. (rN+)
You are resistant to electric shocks. (rElec)
You can survive without breathing.
You are immune to petrification.
You are immune to rotting.


Message History

Aiming: Paralyse
Press: ? - help, Shift-Dir - straight line, f/p - gargoyle
Aim: a gargoyle, wielding a flail (chance to defeat MR: 28%)
The gargoyle easily resists.
This wand has 12 charges left.
Evoke which item? (* to show all) (? for menu, Esc to quit)
Aiming: Paralyse
Press: ? - help, Shift-Dir - straight line, f/p - gargoyle
Aim: a gargoyle, wielding a flail (chance to defeat MR: 28%)
The gargoyle suddenly stops moving!
This wand has 11 charges left.
The helpless gargoyle fails to defend itself.
You hit the gargoyle but do no damage.
The helpless gargoyle fails to defend itself.
You cut the gargoyle into ribbons!!!
You destroy the gargoyle!
Found a scroll of fear.
You are feeling hungry. 2 gargoyles come into view.
The gargoyle hurls a stone arrow at you.
The stone arrow hits you!
You die...

######
#####.#
......#
9....
#..#.#..#
#[.@#.#
#.#.#..#
9.#)..#
#.#.#)###
.. # #.#
## #.#
#.# #.#
...


You could see 2 gargoyles.

Vanquished Creatures
  2 gargoyles (Lab)
  4 spiny frogs
  The ghost of Gruesome the Shield-Bearer, a novice OpFi of Cheibriados (D:5)
  2 komodo dragons
  Grinder (D:6)
  3 blink frogs (Lair:1)
  2 hippogriffs
  A wyvern (D:8)
  2 basilisks (D:9)
  A hungry ghost (D:9)
  14 yaks
  A water moccasin (Lair:1)
  6 porcupines
  A sky beast (D:8)
  2 black bears
  An orc warrior (D:8)
  3 ogres
  A necrophage (D:5)
  4 wolves
  A centaur (D:5)
  4 crocodiles
  10 bullfrogs
  A water moccasin zombie (D:7)
  10 wights (D:9)
  3 howler monkeys
  A centaur zombie (D:5)
  A hound (D:3)
  A quasit (D:8)
  3 orc wizards
  A jelly (D:8)
  5 orc priests
  5 iguanas
  A bullfrog skeleton (D:6)
  6 worker ants
  A hound skeleton (D:5)
  9 adders
  2 gnolls (D:8)
  3 shadow imps
  An ooze (D:2)
  An adder skeleton (D:7)
  An adder zombie (D:7)
  4 worms
  A dart slug (D:2)
  6 leopard geckos
  22 orcs
  A ball python (D:2)
  2 giant cockroaches (D:2)
  5 goblins
  11 hobgoblins
  18 jackals
  3 quokkas
  7 bats
  3 frilled lizards
  2 jackal skeletons
  5 kobolds
  8 rats
  A bush (D:9)
  A plant (Lair:1)
223 creatures vanquished.

Vanquished Creatures (others)
  3 jackals (D:5)
  4 fungi
  11 plants (D:9)
18 creatures vanquished.

Grand Total: 241 creatures vanquished

Notes
Turn   | Place    | Note
-------+----------+-------------------------------------------
     0 | D:1      | motkurip the Gargoyle Gladiator began the quest for the Orb.
     0 | D:1      | Reached XP level 1. HP: 12/12 MP: 1/1
    43 | D:1      | Reached XP level 2. HP: 12/17 MP: 2/2
   255 | D:1      | Reached skill level 1 in Armour
   272 | D:1      | Reached XP level 3. HP: 7/22 MP: 3/3
   579 | D:2      | Reached XP level 4. HP: 16/27 MP: 4/4
  1007 | D:3      | Reached XP level 5. HP: 11/32 MP: 5/5
  1075 | D:3      | HP: 1/32 [worker ant (3)]
  1484 | D:3      | Reached XP level 6. HP: 27/38 MP: 6/6
  1839 | D:4      | Reached skill level 5 in Axes
  1860 | D:4      | Found a hide-covered altar of Uskayaw.
  1979 | D:5      | Entered Level 5 of the Dungeon
  1991 | D:5      | Reached XP level 7. HP: 44/44 MP: 7/7
  2140 | D:5      | Noticed Gruesome's ghost (novice OpFi)
  2156 | D:5      | Killed Gruesome's ghost
  2156 | D:5      | Reached skill level 5 in Fighting
  2156 | D:5      | Reached XP level 8. HP: 45/50 MP: 8/8
  2221 | D:5      | Reached skill level 5 in Armour
  2237 | D:5      | Found a staircase to the Ecumenical Temple.
  2246 | Temple   | Entered the Ecumenical Temple
  2353 | Temple   | Became a worshipper of Cheibriados the Contemplative
  2642 | D:6      | Reached skill level 1 in Invocations
  2669 | D:6      | Got a scintillating iron ring
  2671 | D:6      | Identified the ring "Woenton" {Int+3 SInv} (You found it on level 6 of the Dungeon)
  2860 | D:6      | Noticed Grinder
  2863 | D:6      | Paralysed by Grinder for 6 turns
  2872 | D:6      | Paralysed by Grinder for 7 turns
  2883 | D:6      | Killed Grinder
  2998 | D:7      | Reached * piety under Cheibriados
  3007 | D:7      | Noticed a hippogriff
  3026 | D:7      | Killed a hippogriff
  3026 | D:7      | Reached XP level 9. HP: 28/56 MP: 11/11
  3766 | D:9      | Reached ** piety under Cheibriados
  3985 | D:9      | Reached skill level 5 in Invocations
  3985 | D:9      | Reached XP level 10. HP: 41/64 MP: 13/13
  4023 | D:9      | Noticed motkurip's ghost (novice GrGl)
  4223 | D:9      | Found a staircase to the Lair.
  4255 | Lair:1   | Entered Level 1 of the Lair of Beasts
  4266 | D:9      | Reached skill level 5 in Dodging
  4268 | D:9      | Reached *** piety under Cheibriados
  4534 | Lair:1   | Reached XP level 11. HP: 38/71 MP: 15/15
  4569 | Lair:1   | Found a frozen archway.
  5143 | Lair:2   | Noticed a seven-headed hydra
  5220 | Lair:2   | Found a labyrinth entrance.
  5229 | Lab      | Entered a labyrinth
  5666 | Lab      | Killed from afar by a gargoyle

Vault maps used:
D:1:      lemuel_arrival_muddy, minivault_26
D:2:      first_bread, kennysheep_generic_room_5
D:3:      wad_lake_hut
D:4:      overflow_temple_1_default, portal_sewer_entry_e, minmay_quantized
D:5:      minmay_temple_entry_large_hall
D:6:      uniq_pikel, uniq_grinder
D:7:      the_bakery
D:9:      minmay_lair_entry_grove, orc_0_dummy
Temple:   roderic_octagonal_lattice_temple
Lair:1:   portal_ice_cave_demonic_guard
Lair:2:   elwin_shoals_entry_stream, lab_entry_generic,
          minmay_lair_oklob_chamber
Lab:      nicolae_lab_diamond

Skill      XL: |  1  2  3  4  5  6  7  8  9 10 11 |
---------------+----------------------------------+-----
Throwing       | 2 |  2.0
Axes           | 3 4 5 6 7 8 |  8.8
Armour         | 1 2 3 4 6 7 8 9 |  9.4
Fighting       | 3 4 5 6 7 9 |  9.6
Invocations    | 3 5 6 7 |  7.5
Dodging        | 3 4 5 6 |  6.1

Action                   |  1- 3 |  4- 6 |  7- 9 | 10-12 || total
-------------------------+-------+-------+-------+-------++-------
Melee: War axe           |   104 |   198 |   300 |   253 ||   855
       Dagger            |       |    20 |       |       ||    20
       Whip              |       |       |     4 |       ||     4
       Morningstar       |       |       |       |     2 ||     2
Invok: Temporal Distorti |       |       |       |     4 ||     4
Evoke: Wand              |       |       |     9 |    11 ||    20
  Use: Scroll            |       |       |     8 |    14 ||    22
       Potion            |       |       |     3 |       ||     3
 Stab: Sleeping          |       |     1 |       |       ||     1
       Paralysed         |       |       |    18 |     4 ||    22
  Eat: Chunk             |       |     4 |     6 |     1 ||    11
       Fruit             |       |       |       |     6 ||     6
Armor: Leather armour    |    49 |    85 |       |       ||   134
       Ring mail         |       |    46 |   190 |   128 ||   364
Dodge: Dodged            |    99 |   193 |   218 |   195 ||   705

Table legend:
 A = Spawn XP
 B = Non-spawn XP
 C = Spawn XP percentage of total XP
 D = Spawn monster count
 E = Non-spawn monster count
 F = Spawn count percentage of total count
 G = Total turns spent on level
                    A         B        C        D         E        F      G
               +---------+---------+-------+---------+---------+-------+---------
         Total |       0 |   14699 |   0.0 |       0 |     221 |   0.0 |  5666
               +---------+---------+-------+---------+---------+-------+---------
           D:1 |       0 |      46 |   0.0 |       0 |      26 |   0.0 |   413
           D:2 |       0 |     128 |   0.0 |       0 |      38 |   0.0 |   736
           D:3 |       0 |     249 |   0.0 |       0 |      25 |   0.0 |   508
           D:4 |       0 |     132 |   0.0 |       0 |       3 |   0.0 |   322
           D:5 |       0 |     776 |   0.0 |       0 |      13 |   0.0 |   327
           D:6 |       0 |     895 |   0.0 |       0 |      18 |   0.0 |   527
           D:7 |       0 |     400 |   0.0 |       0 |      12 |   0.0 |   344
           D:8 |       0 |    1154 |   0.0 |       0 |      13 |   0.0 |   382
           D:9 |       0 |    3792 |   0.0 |       0 |      39 |   0.0 |   577
        Lair:1 |       0 |    3429 |   0.0 |       0 |      19 |   0.0 |   704
        Lair:2 |       0 |    2886 |   0.0 |       0 |      13 |   0.0 |   257
           Lab |       0 |     812 |   0.0 |       0 |       2 |   0.0 |   437
               +---------+---------+-------+---------+---------+-------+---------
